 Dungeon Crawl Stone Soup version 0.24.0-123-gd5b16e6ec5 (webtiles) character file.

Game seed: 7559854269363813128, levelgen mode: deterministic

966 FishyPogo the Charmwright (level 8, -3/63 HPs)
             Began as a Gnoll Skald on Dec 21, 2019.
             Was an Initiate of Qazlal.
             Splashed by a jelly's acid (8 damage)
             ... on level 6 of the Dungeon.
             The game lasted 00:18:32 (2631 turns).

FishyPogo the Charmwright (Gnoll Skald)             Turns: 2631, Time: 00:18:33

Health: -3/63      AC: -2    Str: 14    XL:     8   Next: 15%
Magic:  16/16      EV: 15    Int: 19    God:    Qazlal [......]
Gold:   243        SH:  4    Dex: 15    Spells: 7/18 levels left

rFire    . . .     SeeInvis .   a - +4 falchion (flame)
rCold    . . .     Gourm    .   (no shield)
rNeg     . . .     Faith    .   b - +0 leather armour
rPois    .         Spirit   .   (no helmet)
rElec    .         Reflect  +   (no cloak)
rCorr    .         Harm     .   u - +0 pair of gloves
MR       .....                  j - +0 pair of boots
Stlth    ++........             g - +4 amulet of reflection
HPRegen  0.20/turn              w - +2 ring of intelligence
MPRegen  0.15/turn              (no ring)

@: corroded
A: distributed training, fangs 1, strong nose
a: Renounce Religion


You were on level 6 of the Dungeon.
You worshipped Qazlal.
Qazlal was noncommittal.
You were not hungry.

You visited 1 branch of the dungeon, and saw 6 of its levels.

You collected 243 gold pieces.

Inventory:

Hand Weapons
 a - a +4 falchion of flaming (weapon)
Missiles
 k - 43 stones
 m - 4 throwing nets
 n - 18 poisoned darts (quivered)
 r - 4 boomerangs
Armour
 b - a +0 leather armour (worn)
 j - a +0 pair of boots (worn)
 u - a +0 pair of gloves (worn)
Jewellery
 e - a cursed ring of teleportation {unknown}
 g - a +4 amulet of reflection (around neck)
 w - a +2 ring of intelligence (left hand)
Scrolls
 s - a scroll of fog
 v - 2 scrolls of identify
 x - a scroll of teleportation
Potions
 c - a potion of lignification {unknown}
 f - 2 potions of cancellation {unknown}
 h - a potion of mutation {unknown}
 i - 3 potions of heal wounds
 l - a potion of berserk rage {unknown}
 o - a potion of flight
 p - 4 potions of curing
Comestibles
 d - 9 rations


   Skills:
 + Level 5.5 Fighting
 + Level 2.9 Short Blades
 + Level 5.5 Long Blades
 + Level 2.9 Axes
 + Level 2.9 Maces & Flails
 + Level 2.9 Polearms
 + Level 2.9 Staves
 + Level 2.9 Slings
 + Level 2.9 Bows
 + Level 2.9 Crossbows
 + Level 2.9 Throwing
 + Level 4.0 Armour
 + Level 5.5 Dodging
 + Level 2.9 Stealth
 + Level 2.9 Shields
 + Level 2.9 Unarmed Combat
 + Level 5.8 Spellcasting
 + Level 2.3 Conjurations
 + Level 2.3 Hexes
 + Level 6.0 Charms
 + Level 2.3 Summonings
 + Level 2.3 Necromancy
 + Level 2.3 Translocations
 + Level 2.3 Transmutations
 + Level 2.3 Fire Magic
 + Level 2.3 Ice Magic
 + Level 2.3 Air Magic
 + Level 2.3 Earth Magic
 + Level 2.3 Poison Magic
 + Level 3.2 Invocations
 + Level 2.9 Evocations


You had 7 spell levels left.
You knew the following spells:

 Your Spells              Type           Power        Failure   Level  Hunger
h - Regeneration          Chrm/Necr      ###.......   8%          3    ##.....
n - Spectral Weapon       Hex/Chrm       ###.....     8%          3    ##.....
p - Shroud of Golubria    Chrm/Tloc      ###...       3%          2    None
u - Song of Slaying       Chrm           ####....     1%          2    None
y - Infusion              Chrm           ####         1%          1    None

Your spell library contained the following spells:

 Spells                   Type           Power        Failure   Level  Hunger
 Summon Small Mammal      Summ           ##..         5%          1    None
 Call Imp                 Summ           ##......     8%          2    None
 Call Canine Familiar     Summ           ##......     16%         3    ##.....
 Summon Guardian Golem    Hex/Summ       ##......     16%         3    ##.....
 Summon Ice Beast         Ice/Summ       ##......     45%         4    ####...
 Summon Lightning Spire   Summ/Air       ##......     45%         4    ####...


Dungeon Overview and Level Annotations

Branches:
Dungeon (6/15)             Temple (0/1) D:6

Altars:
Gozag
Kikubaaqudgha
Qazlal
Ru
Yredelemnul

Annotations:
D:2 Robin
D:5 2 transporters


Innate Abilities, Weirdness & Mutations

Your experience applies equally to all skills.
You have very sharp teeth.
Your uncanny sense of smell can sniff out nearby items.


Message History

Your Armour skill increases to level 4!
The jelly hits you.
* * * LOW HITPOINT WARNING * * *
The acid corrodes you!
You are splashed with acid!
* * * LOW HITPOINT WARNING * * *
You block the orc's attack.
You hit the orc but do no damage.
The orc is almost dead.
The jelly barely misses you. The orc barely misses you.
Unknown command.
You hit the orc but do no damage.
The orc is almost dead.
The jelly misses you. The orc closely misses you.
Unknown command.
You barely miss the orc. You bite the orc, but do no damage.
The orc is almost dead.
The jelly hits you.
* * * LOW HITPOINT WARNING * * *
The acid corrodes you!
You are splashed with acid!
You die...

)#;.≈≈# .≈≈.≈≈≈
∆ ≈≈≈.≈≈≈
################
≈≈≈.≈≈P
..#.............
≈≈≈.P≈≈
#.#<..####..o..#
P≈≈.≈≈≈ #.#.#.#
#.###.#
≈≈≈.≈≈P♣#.#.#.#
#.# #.o
♣†.#.....#
#.#####
♣♣@o...###
#...... ♣J.....#
.......
♣≈#.....#
.......
≈≈≈#.....#
.......
≈.≈≈♣P.....#
......
≈≈.≈≈♣≈.....#
......
≈≈.≈≈♣♣.....+
.(...o P≈.≈
##....# .....
#....#


You could see a jelly and an orc.

Vanquished Creatures
  2 sky beasts (D:6)
  3 ogres (D:4)
  A scorpion (D:4)
  An electric eel (D:6)
  2 crimson imps (D:5)
  A bullfrog skeleton (D:4)
  An orc priest (D:4)
  2 orc wizards (D:4)
  An iguana (D:4)
  Jessica (D:2)
  Terence (D:2)
  A worker ant (D:4)
  4 gnolls (D:2)
  2 adders
  An ooze (D:2)
  An adder skeleton (D:4)
  4 dart slugs
  8 leopard geckos
  9 orcs
  6 hobgoblins
  8 jackals
  3 quokkas
  5 bats
  6 frilled lizards
  5 goblins
  4 kobolds
  7 rats
90 creatures vanquished.

Vanquished Creatures (others)
  An orc wizard (D:4)
  A worker ant (D:4)
2 creatures vanquished.

Grand Total: 92 creatures vanquished

Notes
Turn   | Place    | Note
-------+----------+-------------------------------------------
     0 | D:1      | FishyPogo the Gnoll Skald began the quest for the Orb.
     0 | D:1      | Reached XP level 1. HP: 20/20 MP: 6/6
    83 | D:1      | Reached XP level 2. HP: 22/26 MP: 5/7
    87 | D:1      | Learned a level 2 spell: Song of Slaying
    91 | D:1      | Learned a level 2 spell: Shroud of Golubria
   290 | D:2      | Noticed Jessica
   352 | D:2      | Noticed Robin
   385 | D:1      | Reached XP level 3. HP: 31/31 MP: 9/9
   391 | D:1      | Reached skill level 5 in Spellcasting
   398 | D:1      | You fall into a shaft and drop 1 floor!
   416 | D:1      | Learned a level 3 spell: Regeneration
   421 | D:1      | Learned a level 3 spell: Spectral Weapon
   462 | D:2      | Killed Jessica
   462 | D:2      | Reached skill level 1 in Short Blades
   462 | D:2      | Reached skill level 1 in Axes
   462 | D:2      | Reached skill level 1 in Maces & Flails
   462 | D:2      | Reached skill level 1 in Polearms
   462 | D:2      | Reached skill level 1 in Staves
   462 | D:2      | Reached skill level 1 in Slings
   462 | D:2      | Reached skill level 1 in Bows
   462 | D:2      | Reached skill level 1 in Crossbows
   462 | D:2      | Reached skill level 1 in Throwing
   462 | D:2      | Reached skill level 1 in Stealth
   462 | D:2      | Reached skill level 1 in Shields
   462 | D:2      | Reached skill level 1 in Unarmed Combat
   462 | D:2      | Reached skill level 1 in Invocations
   462 | D:2      | Reached skill level 1 in Evocations
   462 | D:2      | Reached XP level 4. HP: 35/38 MP: 6/11
   498 | D:2      | You fall into a shaft and drop 2 floors!
   589 | D:4      | Reached skill level 1 in Conjurations
   589 | D:4      | Reached skill level 1 in Hexes
   589 | D:4      | Reached skill level 1 in Summonings
   589 | D:4      | Reached skill level 1 in Necromancy
   589 | D:4      | Reached skill level 1 in Translocations
   589 | D:4      | Reached skill level 1 in Transmutations
   589 | D:4      | Reached skill level 1 in Fire Magic
   589 | D:4      | Reached skill level 1 in Ice Magic
   589 | D:4      | Reached skill level 1 in Air Magic
   589 | D:4      | Reached skill level 1 in Earth Magic
   589 | D:4      | Reached skill level 1 in Poison Magic
   667 | D:4      | Reached XP level 5. HP: 28/43 MP: 4/12
   762 | D:4      | Noticed an ogre
   763 | D:4      | Noticed an ogre
   780 | D:4      | HP: 1/43 [orc wizard/magic dart (2)]
   793 | D:4      | Killed an ogre
   793 | D:4      | Reached XP level 6. HP: 24/50 MP: 11/13
   796 | D:4      | Reached skill level 5 in Fighting
   796 | D:4      | Reached skill level 5 in Long Blades
   796 | D:4      | Reached skill level 5 in Dodging
   834 | D:4      | Reached XP level 7. HP: 50/56 MP: 8/15
  1384 | D:2      | Noticed Terence
  1478 | D:2      | Killed Terence
  1995 | D:4      | Found a sacrificial altar of Ru.
  2204 | D:5      | Entered Level 5 of the Dungeon
  2213 | D:5      | Found an opulent altar of Gozag.
  2229 | D:5      | Found a transporter.
  2248 | D:5      | Found a transporter.
  2343 | D:5      | Found an opulent altar of Gozag.
  2398 | D:5      | Found a basalt altar of Yredelemnul.
  2401 | D:5      | Found a stormy altar of Qazlal.
  2505 | D:6      | Reached XP level 8. HP: 53/63 MP: 16/16
  2522 | D:5      | Found a sacrificial altar of Ru.
  2522 | D:5      | Found an ancient bone altar of Kikubaaqudgha.
  2537 | D:5      | Became a worshipper of Qazlal Stormbringer
  2557 | D:6      | Reached skill level 6 in Charms
  2595 | D:6      | Found a staircase to the Ecumenical Temple.
  2631 | D:6      | Splashed by a jelly's acid

Levels and vault maps discovered:
D:1:      dpeg_arrival_fog, layout_basic, wad_floor_pattern_untrapped,
          minmay_stone_trees_small
D:2:      layout_rooms, uniq_terence, uniq_jessica, uniq_robin
D:3:      layout_loops_ring, first_ration, kennysheep_big_empty_room
D:4:      layout_basic, nicolae_ru_awakened_eye
D:5:      layout_cave_pools, xom_butterflies, gammafunk_temple_overflow_arena,
          nicolae_overflow_hidden_temple, grunt_gozag_breadcrumbs
D:6:      layout_basic, kennysheep_mini, kennysheep_little_box,
          minmay_temple_entry_junction_2, serial_bayou, serial_bayou_lagoon_b,
          serial_bayou_pond_e, serial_bayou_pond_b, serial_bayou_crossing,
          serial_bayou_pond_d, st_stairs_9, fedhas_altar_2, uniq_menkaure

Skill      XL: |  1  2  3  4  5  6  7  8 |
---------------+-------------------------+-----
Spellcasting   | 5 |  5.8
Short Blades   | 1 2 |  2.9
Axes           | 1 2 |  2.9
Maces & Flails | 1 2 |  2.9
Polearms       | 1 2 |  2.9
Staves         | 1 2 |  2.9
Slings         | 1 2 |  2.9
Bows           | 1 2 |  2.9
Crossbows      | 1 2 |  2.9
Throwing       | 1 2 |  2.9
Stealth        | 1 2 |  2.9
Shields        | 1 2 |  2.9
Unarmed Combat | 1 2 |  2.9
Invocations    | 1 2 3 |  3.2
Evocations     | 1 2 |  2.9
Conjurations   | 1 2 |  2.3
Hexes          | 1 2 |  2.3
Summonings     | 1 2 |  2.3
Necromancy     | 1 2 |  2.3
Translocations | 1 2 |  2.3
Transmutations | 1 2 |  2.3
Fire Magic     | 1 2 |  2.3
Ice Magic      | 1 2 |  2.3
Air Magic      | 1 2 |  2.3
Earth Magic    | 1 2 |  2.3
Poison Magic   | 1 2 |  2.3
Armour         | 3 4 |  4.0
Fighting       | 5 |  5.5
Long Blades    | 5 |  5.5
Dodging        | 5 |  5.5
Charms         | 6 |  6.0

Action                   |  1- 3 |  4- 6 |  7- 9 || total
-------------------------+-------+-------+-------++-------
Melee: Falchion          |    68 |    66 |   145 ||   279
       Bite              |     9 |     8 |    19 ||    36
       Punch             |       |     1 |     4 ||     5
Throw: Dart              |       |     4 |       ||     4
 Cast: Infusion          |     2 |     1 |     1 ||     4
       Regeneration      |     2 |     3 |    10 ||    15
       Shroud of Golubri |       |     5 |     8 ||    13
       Spectral Weapon   |       |     1 |     1 ||     2
       Song of Slaying   |       |     1 |     1 ||     2
  Use: Scroll            |       |     1 |     8 ||     9
       Potion            |       |     4 |       ||     4
 Stab: Sleeping          |     1 |     1 |     3 ||     5
       Invisible         |       |     7 |       ||     7
  Eat: Chunk             |       |     1 |     7 ||     8
Armor: Leather armour    |     7 |    11 |    27 ||    45
Dodge: Dodged            |    49 |    62 |   111 ||   222
Block: Other             |       |       |    19 ||    19
       Rpst.: Falchion   |    16 |    27 |    40 ||    83
